 Dungeon Crawl Stone Soup version 0.31-a0-435-g2c6fae2916 (webtiles) character file.

Game seed: 5694495933105670227

163 spiderkeys the Insei (level 5, 0/35 HPs)
             Began as an Octopode Shapeshifter on Aug 1, 2023.
             Succumbed to an orc's poison
             ... on level 3 of the Dungeon.
             The game lasted 00:01:53 (1307 turns).

spiderkeys the Insei (Octopode Shapeshifter)        Turns: 1307, Time: 00:01:53

Health: 0/35       AC:  1    Str: 14    XL:     5   Next: 44%
Magic:  5/5        EV: 14    Int: 10    God:
Gold:   62         SH:  0    Dex: 15    Spells: 4/4 levels left

rFire   . .          .
                       - Unarmed
rCold   . . .        (no shield)
rNeg    . . .        (helmet currently unavailable)
rPois   .            (no amulet)
rElec   .            (no ring)
rCorr   .            (no ring)
SInv    .            (no ring)
Will    .....        (no ring)
Stlth   ++           (no ring)
HPRegen 0.25/turn    (no ring)
MPRegen 0.09/turn    (no ring)
                     (no ring)

%: no passive effects
@: lethally poisoned (0 -> -1), beast-form, on berserk cooldown
A: beast (slay +2), almost no armour, amphibious, 8 rings, camouflage 1,
gelatinous body 1, (nimble swimmer 1), tentacles
a: Begin Untransformation


You were on level 3 of the Dungeon.
You were a hulking beast.
You visited 1 branch of the dungeon, and saw 3 of its levels.

You collected 62 gold pieces.


Innate Abilities, Weirdness & Mutations

You are a hulking beast.
Your limbs bulge with bestial killing power. (Slay +2)
You cannot wear most types of armour.
You are amphibious.
You can wear up to eight rings at the same time.
Your skin changes colour to match your surroundings (Stealth+).
Your rubbery body absorbs attacks. (AC +1, EV +1)
((You are camouflaged when in or above water. (Stealth+)))
You have tentacles for arms and can constrict up to eight enemies at once.


   Skills:
 + Level 2.5 Fighting
 + Level 3.1 Dodging
 + Level 3.9 Unarmed Combat
 + Level 3.6 Shapeshifting


You had 4 spell levels left.
You didn't know any spells.
Your spell library was empty.

Inventory:

Missiles
 d - 24 stones
 h - 4 javelins
Talismans
 b - a beast talisman (active)
Scrolls
 e - 4 scrolls of vulnerability {unknown}
 g - 4 scrolls of identify {unknown}
 j - a scroll of teleportation {unknown}
Potions
 a - a potion of lignification {!q}
 f - a potion of curing {unknown}
 k - a potion of enlightenment {unknown}

Dungeon Overview and Level Annotations

Branches:
Dungeon (3/15) Zot: 16699

Altars:
Makhleb

#. #.# #.# ##.. #..##.. ##
###.....# #.###.. #))##
...#.# ##.).# #.#.# #..#.#
#...###.##..###### #..#..h.#
#......# #..#.####
#####.######
.######.#.###########....#..
......))...........##.....<.
......###)########.....).†..
#.#### #......#####.....>..
######..####........
##...###.......
###..###...#..


There were no monsters in sight!


Message History

You are too injured to fight recklessly!
You are too injured to fight recklessly!
You are too injured to fight recklessly!
You tentacle-slap the orc wizard but do no damage.
You squeeze the orc wizard.
You kill the orc wizard!
You now have 62 gold pieces (gained 8). 5 orcs come into view.
An orc is wielding a +2 dagger of venom.
An orc is wielding a +0 heavy war axe. 😎 HP[+10]
Your hp is fully restored (35).
There are monsters nearby!
There are monsters nearby!
There are monsters nearby!
The orc shouts!
A kobold comes into view. It is wielding a +0 club.
The orc shouts!
You tentacle-slap the orc. Your grab misses the orc. You closely miss the orc.
You grab the orc. You constrict the orc.
You kill the orc!
You barely miss the orc. You grab the orc. You squeeze the orc!
You kill the orc!
The orc completely misses you.
You tentacle-slap the orc but do no damage.
Your grab misses the orc. The orc completely misses you.
You barely miss the orc. You grab the orc. You tentacle-slap the orc.
You constrict the orc. The orc closely misses you.
The orc hits you with a +2 dagger of venom.
You are poisoned.
The orc hits you with a +0 heavy war axe! 😮 HP[-16]
You take 16 damage, and now have 19/35 hp.
MASSIVE DAMAGE!! (PAUSE)
You closely miss the orc. You grab the orc.
You squeeze the orc, but do no damage. You constrict the orc. x2
You kill the orc!
* * * LOW HITPOINT WARNING * * *
You feel very sick. The orc misses you. The orc barely misses you. 😨 HP[-4]
You take 4 damage, and now have 15/35 hp.
You tentacle-slap the orc. You constrict the orc.
* * * LOW HITPOINT WARNING * * *
You feel very sick. The kobold hits you but does no damage.
The orc closely misses you. The orc completely misses you. 😨 HP[-3]
You take 3 damage, and now have 12/35 hp.
You barely miss the orc. You tentacle-slap the orc.
You kill the orc!
You feel sick. The kobold misses you. The orc closely misses you. 😨 HP[-2]
You take 2 damage, and now have 10/35 hp.
You tentacle-slap the kobold. You grab the kobold. You constrict the kobold.
You kill the kobold!
You feel sick. The orc hits you with a +0 short sword.
* * * LOW HITPOINT WARNING * * *
😱 HP[-5]
You take 5 damage, and now have 5/35 hp.
You tentacle-slap the orc. Your grab misses the orc.
* * * LOW HITPOINT WARNING * * *
You feel sick. The orc barely misses you. 😱 HP[-1]
You take 1 damage, and now have 4/35 hp.
You barely miss the orc. You grab the orc. You constrict the orc.
* * * LOW HITPOINT WARNING * * *
You feel sick. The orc misses you. 😱 HP[-1]
You take 1 damage, and now have 3/35 hp.
It was a potion of berserk rage.
A red film seems to cover your vision as you go berserk!
You feel yourself moving faster!
You feel mighty!
You constrict the orc.
You kill the orc!
* * * LOW HITPOINT WARNING * * *
You feel sick. 😱 HP[+1]
You now have 52 max hp (+17).
You feel a strong urge to attack something.
* * * LOW HITPOINT WARNING * * *
You feel sick.
You see here a +0 short sword. 😱 HP[-1]
You take 1 damage, and now have 3/52 hp.
* * * LOW HITPOINT WARNING * * *
You feel sick. 😱 HP[-1]
You take 1 damage, and now have 2/52 hp.
You feel your anger nearly subside.
You are no longer berserk.
You are exhausted.
You feel yourself slow down.
* * * LOW HITPOINT WARNING * * *
You feel sick. 😱 HP[-1]
You now have 35 max hp (-17).
It was a potion of cancellation.
Your magical effects are unravelling.
You feel magically purged.
You feel yourself speed up.
You die...

Skill      XL: |  1  2  3  4 |
---------------+-------------+-----
Fighting       | 2 |  2.5
Dodging        | 3 |  3.1
Unarmed Combat | |  3.9
Shapeshifting  | |  3.6

Action                     |  1- 3 |  4- 6 || total
---------------------------+-------+-------++-------
  Melee: Unarmed           |    41 |    54 ||    95
         Constrict         |     8 |    19 ||    27
         Tentacles         |     8 |    11 ||    19
         Punch             |     2 |     3 ||     5
  Throw: Javelin           |       |     4 ||     4
    Use: Potion            |       |     2 ||     2
   Stab: Sleeping          |     9 |     2 ||    11
 Armour: Skin              |       |     6 ||     6
  Dodge: Dodged            |    15 |    37 ||    52

Levels and vault maps discovered:
D:1:      minmay_arrival_stair_chambers, layout_rooms, bh_walls_and_bars
D:2:      layout_rooms, ebering_ecumenical_altar_rust,
          kennysheep_cross_bottleneck, uniq_terence, uniq_jessica
D:3:      layout_rooms, bloody_makhleb

Notes
Turn   | Place    | Note
-------+----------+-------------------------------------------
     0 | D:1      | spiderkeys the Octopode Shapeshifter began the quest for
                  | the Orb.
     0 | D:1      | Reached XP level 1. HP: 13/13 MP: 1/1
     0 | D:1      | magus.rc [v1.11.6]
    64 | D:1      | Reached XP level 2. HP: 17/18 MP: 2/2
   301 | D:1      | Reached XP level 3. HP: 23/23 MP: 3/3
   678 | D:2      | Noticed Jessica
   688 | D:2      | Killed Jessica
   689 | D:2      | Reached XP level 4. HP: 24/29 MP: 4/4
   738 | D:2      | Found a faded altar of an unknown god.
   740 | D:2      | Noticed Terence
   750 | D:2      | Killed Terence
   751 | D:2      | Reached skill level 2 in Fighting
  1056 | D:2      | Reached skill level 3 in Dodging
  1144 | D:3      | Reached XP level 5. HP: 34/34 MP: 5/5
  1199 | D:3      | Found a burning altar of Makhleb.
  1299 | D:3      | HP: 5/35 [orc/+0 short sword (4)]
  1304 | D:3      | HP: 2/52 [poisoned by an orc]
  1307 | D:3      | Succumbed to an orc's poison

Vanquished Creatures
  Jessica (D:2)
  Terence (D:2)
  An orc wizard (D:3)
  2 adders (D:2)
  A worm (D:2)
  2 dart slugs
  8 orcs (D:3)
  6 endoplasms
  2 giant cockroaches (D:1)
  5 goblins
  3 hobgoblins
  7 kobolds
  2 quokkas
  A ball python (D:1)
  6 bats
  2 frilled lizards
  3 rats
53 creatures vanquished.

Table legend:
 A = Non-vault XP
 B = Vault XP
 C = Vault XP percentage of total XP
 D = Non-vault monster count
 E = Vault monster count
 F = Vault count percentage of total count
                 A         B        C        D         E       F
            +---------+---------+-------+---------+---------+-------
      Total |     160 |      73 |  31.3 |      51 |       2 |   3.8
            +---------+---------+-------+---------+---------+-------
        D:1 |      38 |       0 |   0.0 |      21 |       0 |   0.0
        D:2 |      52 |      73 |  58.4 |      14 |       2 |  12.5
        D:3 |      70 |       0 |   0.0 |      16 |       0 |   0.0
            +---------+---------+-------+---------+---------+-------

Skill      XL: |  1  2  3  4 |
---------------+-------------+-----
Fighting       | 2 |  2.5
Dodging        | 3 |  3.1
Unarmed Combat | |  3.9
Shapeshifting  | |  3.6

Action                     |  1- 3 |  4- 6 || total
---------------------------+-------+-------++-------
  Melee: Unarmed           |    41 |    54 ||    95
         Constrict         |     8 |    19 ||    27
         Tentacles         |     8 |    11 ||    19
         Punch             |     2 |     3 ||     5
  Throw: Javelin           |       |     4 ||     4
    Use: Potion            |       |     2 ||     2
   Stab: Sleeping          |     9 |     2 ||    11
 Armour: Skin              |       |     6 ||     6
  Dodge: Dodged            |    15 |    37 ||    52

Illustrated notes

Table legend:
 A = Kills in this place as a percentage of kills in the entire game.
 B = Kills by you in this place as a percentage of kills by you in the entire game.
 C = Kills by friends in this place as a percentage of kills by friends in the entire game.
 D = Other kills in this place as a percentage of other kills in the entire game.
 E = Experience gained in this place as a percentage of experience gained in the entire game.
 F = Experience gained in this place divided by the number of levels of this place that you have seen.
                   A       B       C       D       E      F
               +-------+-------+-------+-------+-------+----------------------
         Total | 100.0 | 100.0 |   N/A |   N/A | 100.0 |  77.7
       Dungeon | 100.0 | 100.0 |   N/A |   N/A | 100.0 |  77.7
               +-------+-------+-------+-------+-------+----------------------

Table legend: (Time is in decaauts)
 A = Elapsed time spent in this place.
 B = Non-inter-level travel time spent in this place.
 C = Inter-level travel time spent in this place.
 D = Time resting spent in this place.
 E = Time spent auto-exploring this place.
 F = Levels seen in this place.
 G = Mean time per level.
                   A        B        C        D        E       F      G
               +--------+--------+--------+--------+--------+-----+--------+
         Total |   1301 |   1237 |     64 |      0 |    974 |   3 |  433.7 |
       Dungeon |   1301 |   1237 |     64 |      0 |    974 |   3 |  433.7 |
               +--------+--------+--------+--------+--------+-----+--------+

Top non-repeatable levels by time:
     D:2: 578 daAuts
     D:1: 556 daAuts
     D:3: 165 daAuts
